[Event "1st Semana Santa Torrevieja 2022"]
[Site "Torrevieja Alicante"]
[Date "2022.04.15"]
[Round "5.6"]
[White "Grigoryan, Karen H."]
[Black "Ayats Llobera, Gerard"]
[Result "1-0"]
[ECO "C14"]
[WhiteElo "2636"]
[BlackElo "2438"]
[Annotator "TA"]
[PlyCount "63"]
[EventDate "2022.04.12"]
[EventType "swiss"]
[EventCountry "ESP"]
[SourceTitle "playchess.com"]
[Source "ChessBase"]
[SourceQuality "1"]
[TimeControl "5400+30"]

1. e4 e6 2. d4 d5 3. Nc3 Nf6 4. Bg5 Be7 5. e5 Nfd7 6. h4 h6 7. Bxe7 Qxe7 8. Qd2 {[%emt 0:02:39] C14: French: Classical System: 4 Bg5 Be7 main line.} a6 9. f4 c5 10. Nf3 {[%emt 0:00:07] The position is equal.} Nc6 11. O-O-O b5 12. dxc5 Nxc5 13. Bd3 Bb7 14. Ne2 {[%emt 0:01:20] [#]} Ne4 $146 ({Predecessor:} 14... d4 15. Nexd4 Nxd4 16. Nxd4 O-O 17. Qf2 Rfd8 18. Rhe1 Qc7 19. Kb1 Bd5 20. Re3 Qa5 {1-0 (44) Berg,E (2616)-Kovacevic,A (2582) Plovdiv 2010}) 15. Qe3 (15. Bxe4 dxe4 16. Nfd4 Rd8 $11) 15... Na5 16. Ned4 (16. Kb1 $14 {is more appropriate.}) 16... Nc4 $11 17. Qe1 O-O-O (17... Nc5 {is superior.}) 18. c3 Kb8 19. Kb1 Rc8 20. h5 Nxb2 21. Kxb2 $16 {[%emt 0:00:23] Threatens to win with Bxe4.} Rxc3 {[%emt 0:00:14] [#] Hoping for ...Qa3+.} 22. Nb3 {[%emt 0:03:20] And now Bxe4 would win.} Rhc8 23. Nfd4 ({Avoid the trap} 23. Ka1 $2 {[#]} Rxb3 $1 24. Nd4 Ra3 $19) 23... b4 (23... Qb4 $2 24. Bxe4 (24. Ka1 Qa3 $16) 24... dxe4 25. Rh3 $18) (23... f6 $16 {was called for.}) 24. Rh3 Qc7 (24... f6 $142 25. Ka1 R3c7) 25. Ne2 $18 Rc6 26. Nbd4 ({Not} 26. Bxe4 dxe4 27. Ka1 Rc4 $16) 26... Rb6 27. Bxe4 dxe4 28. Rc1 Qd7 29. Rxc8+ Qxc8 30. Qc1 {[%emt 0:01:58] Qxc8+ is the strong threat.} Qf8 31. Qc2 Qe7 32. Rh1 {[%emt 0:01:06] Weighted Error Value: White=0.06 (flawless) /Black=0.29 (precise)} 1-0

[Event "1st Semana Santa Torrevieja 2022"]
[Site "Torrevieja Alicante"]
[Date "2022.04.15"]
[Round "5.7"]
[White "Martinez Ramirez, Lennis"]
[Black "Nasuta, Grzegorz"]
[Result "0-1"]
[ECO "A29"]
[WhiteElo "2437"]
[BlackElo "2530"]
[Annotator "TA"]
[PlyCount "80"]
[EventDate "2022.04.12"]
[EventType "swiss"]
[EventCountry "ESP"]
[SourceTitle "playchess.com"]
[Source "ChessBase"]
[SourceQuality "1"]
[TimeControl "5400+30"]

1. c4 e5 2. Nc3 Nf6 3. g3 d5 4. cxd5 Nxd5 5. Bg2 Nb6 6. Nf3 Nc6 7. O-O Be7 8. b3 O-O 9. Bb2 Re8 10. Rc1 Bf8 11. d3 {[%emt 0:02:45] A29: English Opening: Four Knights Variation with 4 g3.} Bg4 12. Ne4 {[%emt 0:05:00] is the legacy move (12.h3).} Qd7 13. Nc5 {[%emt 0:01:42] The position is equal.} Bxc5 14. Rxc5 f6 {[%emt 0:00:49] [#]} 15. Qc2 $146 ({Predecessor:} 15. b4 e4 16. dxe4 Qxd1 17. Rxd1 Na4 18. Rc2 Nxb4 19. Rcd2 Nxa2 20. e5 fxe5 21. Ba1 {½-½ (27) Draskovic,L (2458)-Kovacevic,A (2534) Belgrade 2017}) 15... a5 16. Rc1 a4 (16... Nb4 $11 17. Qd2 Nxa2 18. Rxc7 Qd8) 17. Qb1 ({White should try} 17. bxa4 $14 Nxa4 18. Nxe5 fxe5 19. Rxc6 bxc6 20. Bxc6) 17... Qf7 $11 18. Bc3 Be6 19. Nd2 axb3 20. axb3 Bd5 21. f3 {[%emt 0:10:23] White does not recover from this.} (21. Be4 $11 {and White is okay.}) 21... Nd7 $19 22. Rb5 Nd4 23. Bxd4 exd4 24. Ne4 Bc6 25. Rf5 (25. Rb4 $142) 25... g6 26. Rf4 {[%emt 0:00:13] [#]} Qe6 $1 {[%emt 0:00:05] ...g5 is the strong threat.} 27. h4 {[%emt 0:06:10] Prevents g5.} f5 28. Bh3 Nb6 {[%emt 0:04:32] Strongly threatening ...Nd5.} 29. b4 (29. Qb2 {might work better.}) 29... Nd5 30. b5 Bd7 31. Qb2 Qe5 32. Rc5 {[%emt 0:01:02][%cal Oc5d5] Black must now prevent Rxd5!} Be6 {[%emt 0:00:23] Hoping for ...b6.} (32... Nxf4 $2 33. Rxe5 Nxh3+ 34. Kh2 fxe4 35. Qxd4 $18) 33. Nf2 b6 34. Rc4 (34. Rxd5 $142 Qxd5 35. Qxd4) 34... Nxf4 35. gxf4 Qxf4 36. Rxd4 Qg3+ 37. Bg2 Ra2 38. Qc1 Rxe2 39. Qf1 Bf7 {[%emt 0:00:38] ( -> ...Re1)} 40. Ne4 {[%emt 0:01:05] [#]} fxe4 $1 {[%emt 0:00:52] Weighted Error Value: White=0.92/Black=0.30} 0-1

[Event "1st Semana Santa Torrevieja 2022"]
[Site "Torrevieja Alicante"]
[Date "2022.04.15"]
[Round "5.8"]
[White "Vasquez Schroeder, Rodrigo"]
[Black "Rasmussen, Karsten"]
[Result "1/2-1/2"]
[ECO "B12"]
[WhiteElo "2493"]
[BlackElo "2412"]
[Annotator "TA"]
[PlyCount "132"]
[EventDate "2022.04.12"]
[EventType "swiss"]
[EventCountry "ESP"]
[SourceTitle "playchess.com"]
[Source "ChessBase"]
[SourceQuality "1"]
[TimeControl "5400+30"]

1. e4 c6 2. d4 d5 3. e5 c5 4. dxc5 e6 5. Nf3 Bxc5 6. Be2 {[%emt 0:00:37] B12: Caro-Kann: Advance Variation.} Nc6 7. O-O Nge7 8. c4 {[%emt 0:12:23] The position is equal.} O-O {[%emt 0:07:17] [#]} 9. cxd5 $146 ({Predecessor:} 9. Nc3 dxc4 10. Bxc4 Ng6 11. Qxd8 Rxd8 12. Bg5 Rf8 13. Rfe1 h6 14. Bd2 Nd4 15. Na4 Nxf3+ 16. gxf3 {½-½ (61) Fernandez,A (2065)-Herrero,L (2210) Mar del Plata 2001}) 9... Qxd5 10. Bf4 Bd4 11. Nc3 Bxc3 12. bxc3 Qe4 {[%emt 0:11:30] Against Qc2} 13. g3 (13. Bg3 $5 ) 13... Rd8 {[%emt 0:04:49] Against Bd3} 14. Nd2 Qg6 15. Bf3 Nd5 16. Be4 f5 (16... Nxc3 17. Bxg6 Nxd1 18. Bxf7+ $1 Kxf7 19. Rfxd1 $14) 17. exf6 $1 Qxf6 18. Bxd5 (18. Qh5 Nxf4 19. gxf4 g6 $17) 18... exd5 19. Qb3 b6 20. Rfe1 Bg4 21. Kg2 h6 22. f3 Bf5 23. Rad1 Kh8 24. Nf1 Be6 25. Qa3 Rac8 26. Rd2 Bg8 27. Ne3 Be6 {[%emt 0:00:48] Strongly threatening ...g5.} 28. Nc2 Na5 {[%emt 0:02:12] aiming for ...Nc4.} 29. Be5 Qf7 30. Rde2 {[%emt 0:01:43][%cal Oe5g7] Threatens to win with Bxg7+!} Bf5 (30... Nc4 $11 31. Qb4 (31. Qc1 Nxe5 32. Rxe5 Rxc3 $17) 31... a5) 31. Nd4 ({Better is} 31. Bd4 $1 $14 Nc6 32. Re7) 31... Bd3 $11 32. Rf2 Re8 {[%emt 0:00:43] White must now prevent ...Nc4.} 33. Qc1 $1 Kh7 34. Qd1 Qg6 (34... Rxc3 35. Ne6 $1 Ra3 36. Bb2 $1 Rxe6 37. Rxe6 (37. Bxa3 Rxe1 38. Qxe1 Kg8 $16) 37... Qxe6 38. Bxa3 $16) 35. h4 {[%emt 0:00:03][%cal Oh4h5] And now h5! would win.} h5 ({Don't play} 35... Rxc3 36. h5 Qf7 37. Ne6 $1 $16) 36. Bf4 Nc4 37. Ne6 Rxe6 38. Rxe6 Qxe6 39. Qxd3+ Kg8 40. Re2 Qf7 41. Bg5 {[%emt 0:00:27] Hoping for Re7.} Rc7 {[%emt 0:00:52] Against Re7} 42. Qd4 Rd7 (42... Kh7 {feels hotter.} 43. Kf2 Rd7 44. g4 hxg4 45. Qxg4 Nd6) 43. g4 hxg4 44. Qxg4 Nd6 45. a4 (45. Bf6 {is more complex.} Kf8 46. Bd4 Re7 47. Rxe7 Qxe7 48. h5) 45... Qf5 $2 {[%emt 0:02:15][%mdl 8192] [#] Against Bf6} (45... Rc7 $11) 46. Qxf5 $2 (46. Re8+ $1 $18 Kf7 (46... Nxe8 47. Qxf5) 47. Qh5+ g6 {[#]} 48. Re7+ $1 Rxe7 49. Qh7+ Kf8 50. Qxe7+ Kg8 51. Qxd6) 46... Nxf5 $18 {[%emt 0:00:02][%mdl 4096] Endgame KRB-KRN} 47. Re5 g6 48. h5 Kh7 49. f4 Rc7 50. Kf2 d4 51. cxd4 Nxd4 52. Rd5 Nf5 53. a5 bxa5 54. Rxa5 Rb7 55. hxg6+ Kxg6 56. Ke2 Rd7 57. Kf3 Rd3+ 58. Ke4 Re3+ 59. Kd5 Rd3+ 60. Kc6 Nd4+ 61. Kb7 Ne6 62. f5+ $2 (62. Bh4 $11) 62... Kxg5 63. fxe6+ Kf6 {[%emt 0:00:09] Mate.} 64. Ra6 Re3 65. Kxa7 Rxe6 66. Rxe6+ Kxe6 {[%emt 0:00:01][%mdl 32768] What a bad dream for White.  Weighted Error Value: White=0.16 (very precise) /Black=0.05 (flawless) . An unexpected result.} 1/2-1/2

[Event "1st Semana Santa Torrevieja 2022"]
[Site "Torrevieja Alicante"]
[Date "2022.04.15"]
[Round "5.9"]
[White "Granero Roca, Antonio"]
[Black "Sochacki, Christophe"]
[Result "1/2-1/2"]
[ECO "E61"]
[WhiteElo "2356"]
[BlackElo "2485"]
[Annotator "TA"]
[PlyCount "166"]
[EventDate "2022.04.12"]
[EventType "swiss"]
[EventCountry "ESP"]
[SourceTitle "playchess.com"]
[Source "ChessBase"]
[SourceQuality "1"]
[TimeControl "5400+30"]

1. d4 Nf6 2. Nf3 g6 3. e3 Bg7 4. Be2 O-O 5. O-O d6 6. c4 Nbd7 7. Nc3 e5 8. Qc2 Re8 9. Rd1 exd4 {[%emt 0:03:05] E61: King's Indian: Early deviations for White, including Smyslov System.} 10. exd4 Nb6 11. h3 Bf5 12. Bd3 Bxd3 13. Qxd3 {[%emt 0:00:02] [#]} Qd7 $146 ({Predecessor:} 13... d5 14. c5 Nbd7 15. Bf4 c6 16. Re1 Nf8 17. b4 a6 18. Rxe8 Nxe8 19. Re1 Ne6 20. Bg3 Qf6 21. Ne2 Ng5 22. Nd2 {½-½ (22) Jeute,V (2214)-Mileto,G (2219) ICCF email 2018}) 14. b3 Re7 15. Be3 Rae8 16. Rac1 c6 17. d5 c5 18. a3 Ne4 19. Nxe4 Rxe4 20. Rc2 Qf5 21. b4 $2 {[%emt 0:00:43] [#]} (21. Kf1 $14 {keeps the upper hand.}) 21... Nd7 ({Black should try} 21... Rxc4 $1 $17 22. Qxf5 gxf5 23. Rxc4 Nxc4 24. bxc5 Nxe3 25. fxe3 dxc5) 22. Nh2 (22. Rcc1 $11) 22... Bd4 $15 23. Nf1 {[%emt 0:00:07] Ng3 is the strong threat.} Bxe3 $1 24. Nxe3 Qf4 25. Qb3 a6 26. bxc5 (26. Rcc1 $15) 26... Nxc5 $17 27. Qc3 h5 {[%emt 0:00:16] Against Ng4} 28. Rb1 R8e7 29. Re2 R4e5 30. Rf1 g5 31. Qa5 {[%emt 0:09:28] And now Qd8+ would win.} Re8 {[%emt 0:02:15] Inhibits Qd8.} (31... g4 $5 32. Qd8+ Kg7 $15) 32. Qc7 (32. Qd2 $15) 32... Qf6 33. Qb6 {[%emt 0:06:00] [#]} Qg6 $1 34. Qb1 Re4 35. Ree1 Qf6 (35... Kf8 $15) 36. Qd1 $11 Qg6 37. Nc2 R8e5 38. Rxe4 Rxe4 39. Re1 $1 Rxe1+ 40. Nxe1 Qe4 41. Nf3 g4 42. hxg4 hxg4 43. Nd2 Qd4 44. Qe2 g3 45. Qe3 gxf2+ 46. Kxf2 Nd3+ 47. Kf3 (47. Ke2 $5 Nf4+ 48. Kf3 Qxe3+ 49. Kxe3 Nxg2+ 50. Kf2 $11) 47... Ne5+ 48. Ke2 Qg4+ 49. Kf2 Kf8 (49... Nxc4 50. Nxc4 Qxc4 51. Qg3+ Kh7 52. Qh2+ (52. Qxd6 Qe4 $11) 52... Kg7 53. Qxd6 $11) 50. c5 Qh4+ 51. Kg1 $1 Ng4 52. Qf4 dxc5 53. Nf1 Ke7 54. Qc7+ Ke8 55. Qc8+ Ke7 56. Qxb7+ Kd6 57. Qc6+ Ke5 $1 58. Qxc5 {[%emt 0:00:04] Black must now prevent g3.} Nf6 59. Qc7+ Kxd5 60. Ne3+ (60. Qxf7+ $14 Kd6 61. Qf8+ Kd7 62. Qc5) 60... Ke6 61. Qc6+ Ke5 62. Qc7+ Ke6 63. Qb6+ Kd7 64. Qb7+ Kd8 65. Qxa6 {[%emt 0:00:55] Black should prevent Qa5+.} Qd4 {[%emt 0:00:23] The position is equal.} ({But not} 65... Qe1+ 66. Nf1 Qe5 67. Qa8+ Ke7 68. Qa7+ Kd8 69. Ne3 $16 (69. Qxf7 Qd4+ 70. Kh2 Qh4+ 71. Kg1 Qd4+ 72. Kh2 Qh4+ 73. Kg1 Qd4+ $11)) 66. Qa5+ Kd7 67. Qb5+ Kd8 68. Qb8+ Kd7 69. Qb3 ({Resist} 69. Qb7+ Kd6 70. Qb8+ Kd7 71. Qb5+ (71. Qb7+ Kd6 $14) 71... Kd6 72. Qb8+ Kd7 $14) 69... Ke8 70. Kf1 Ne4 {[%emt 0:00:41] ( -> ...Nd2+)} 71. Qb5+ Kd8 {[%emt 0:00:59] Strongly threatening ...Qa1+.} 72. Qd5+ (72. Qb8+ {seems wilder.} Kd7 73. Qb7+ Kd8 74. Qd5+) 72... Qxd5 73. Nxd5 {[%emt 0:00:03][%mdl 4096] Endgame KN-KN} Kd7 74. Ke2 Kd6 75. Nb4 Kc5 76. Ke3 Nd6 77. Kf4 Kc4 78. Nc6 Kb3 79. Ke5 Nc4+ $1 80. Kf6 Ne3 81. g3 Nf1 82. Nd4+ Kc4 83. Nf5 Nxg3 {[%emt 0:00:08] Weighted Error Value: White=0.16 (very precise) /Black=0.14 (very precise)} 1/2-1/2

[Event "1st Semana Santa Torrevieja 2022"]
[Site "Torrevieja Alicante"]
[Date "2022.04.15"]
[Round "5.10"]
[White "Cabrera, Alexis"]
[Black "Alonso Garcia, Aaron"]
[Result "0-1"]
[ECO "A31"]
[WhiteElo "2482"]
[BlackElo "2374"]
[Annotator "TA"]
[PlyCount "156"]
[EventDate "2022.04.12"]
[EventType "swiss"]
[EventCountry "ESP"]
[SourceTitle "playchess.com"]
[Source "ChessBase"]
[SourceQuality "1"]
[TimeControl "5400+30"]

1. e4 c5 2. Nf3 e6 3. d4 cxd4 4. Nxd4 Nc6 5. Nb5 d6 6. c4 Nf6 7. N1c3 a6 8. Na3 b6 9. Be2 Bb7 10. O-O Nb8 11. f3 Nbd7 12. Be3 Be7 13. Qd2 O-O 14. Rfd1 Qc7 15. Rac1 Rac8 16. Bf1 Rfe8 17. Qf2 Qb8 18. Nab1 {[%emt 0:13:20] A31: Symmetrical English: 2 Nf3 Nf6 3 d4.} Bd8 {[%emt 0:12:13] [#]} 19. Nd2 $146 ({Predecessor:} 19. b3 Bc7 20. g3 Qa8 21. Qd2 Ne5 22. Bg2 Bc6 23. a4 Ned7 24. b4 Bb7 25. Bd4 {1-0 (48) Olivier,J (2364)-Ducret,T (2199) France 2005}) 19... Bc7 20. g3 {[%emt 0:02:14] White is slightly better.} Qa8 21. Bh3 Bb8 22. b4 (22. Bxb6 $2 Nxb6 23. Qe2 (23. Qxb6 $2 Ba7 $19) 23... Ba7 $19) (22. a3 $14) 22... Rc7 (22... b5 $11) 23. Bd4 (23. Bxb6 $2 Nxb6 24. c5 (24. Qxb6 $2 Ba7 $19) 24... Nbd7 $19) 23... Ne5 (23... b5 {is interesting.} 24. Bf1 Rec8 25. a4 bxc4 26. b5 a5) 24. Bxe5 dxe5 25. Bf1 (25. Qxb6 $2 Ba7 26. Qxa7 Qxa7+ $19) 25... Ba7 26. Nb3 Rd8 27. Kg2 (27. a4 $5 ) 27... Rcd7 28. Qc2 (28. Rxd7 $14 {is more appropriate.} Nxd7 29. Qe3) 28... g5 $11 29. h3 h5 30. g4 hxg4 31. hxg4 Nh7 32. Rxd7 Rxd7 33. Rd1 (33. Na4 $5 ) 33... Qd8 34. Rxd7 Qxd7 35. Bd3 Nf8 36. Ne2 Ng6 37. c5 Qa4 38. Qd2 bxc5 39. bxc5 Qd7 40. Qc3 Bc6 41. Bc4 Ba4 42. Qd3 ({White should try} 42. Qa5 $1 $11) 42... Qe7 $15 43. Qd6 Qf6 (43... Bxb3 $15 44. Qxe7 Nxe7 45. Bxb3 (45. axb3 a5 $17) 45... Bxc5) 44. Nd2 $11 Qe7 45. Qxe7 (45. Qxa6 $2 Qxc5 $1 46. Kh3 Qf2 $1 47. Qxa7 Qxa7 $19) 45... Nxe7 46. Nc3 Bd7 47. Nb3 Bc8 48. Na4 Nc6 49. Nb6 Bb7 50. Nd7 Kg7 51. Kf2 Bc8 52. Nb6 Bb7 53. Ke3 Kf6 54. Kd2 Ke7 55. Kc3 Kd8 56. Bd3 f6 57. Bc4 Ke7 (57... Kc7 $11 {might be stronger.}) 58. Bd3 (58. Kc2 $14 {is superior.}) 58... Bxb6 (58... Kd8 $1 $11 {keeps the balance.}) 59. cxb6 {[%emt 0:00:04][%mdl 4096] Endgame Hoping for Nc5. KBN-KBN} Kd6 {[%emt 0:00:02] Against Nc5} 60. a4 Bc8 61. Kc4 Bb7 62. Be2 ({But not} 62. Nc5 $6 Na5+ 63. Kb4 Nc6+ 64. Kc4 Na5+ 65. Kb4 Nc6+ 66. Kc4 $11) 62... Bc8 63. Bd1 ({Reject} 63. Nc5 $6 Na5+ 64. Kb4 Nc6+ 65. Kc4 Na5+ 66. Kb4 Nc6+ 67. Kc4 $11) 63... Bb7 64. Kc3 ({Much weaker is} 64. Nc5 $6 Na5+ 65. Kb4 Nc6+ 66. Kc4 Na5+ 67. Kb4 Nc6+ 68. Kc4 $11) 64... Bc8 65. Be2 Bb7 66. Bf1 Bc8 67. Bc4 Bb7 $2 {[%emt 0:00:30][%mdl 8192] [#]} (67... Nd8 $16) 68. Bxe6 $1 $18 Nd4 (68... a5 $142 69. Bc4 Bc8) 69. Bc4 $2 (69. Bd5 $1 $18 Nc6 70. Kc4) 69... Nxb3 $11 (69... Nxf3 $2 70. Bd5 Bc8 71. b7 Bxb7 72. Bxb7 $18) 70. Kxb3 {[%emt 0:00:30] Black must now prevent a5. KB-KB} a5 71. Bd5 Ba6 $1 {[%emt 0:00:17] And now ...Be2 would win.} 72. Kc3 $2 (72. Bc4 $11 Bb7 73. Bd5) 72... Be2 $19 73. Be6 Kc6 (73... Kxe6 $2 74. b7 Bxf3 75. b8=Q $18) 74. Kd2 Bxf3 75. Bf5 Kxb6 76. Kc3 Kc5 {[%emt 0:00:04] ( -> ...Bg2)} 77. Kd3 Kb4 {[%emt 0:00:04] ...Bd1 is the strong threat.} 78. Bd7 Bd1 {[%emt 0:02:59] Weighted Error Value: White=0.13 (very precise) /Black=0.15 (very precise)} 0-1

[Event "1st Semana Santa Torrevieja 2022"]
[Site "Torrevieja Alicante"]
[Date "2022.04.15"]
[Round "5.11"]
[White "Vrolijk, Liam"]
[Black "Efimovich, Sergey"]
[Result "1/2-1/2"]
[ECO "E18"]
[WhiteElo "2480"]
[BlackElo "2318"]
[Annotator "TA"]
[PlyCount "38"]
[EventDate "2022.04.12"]
[EventType "swiss"]
[EventCountry "ESP"]
[SourceTitle "playchess.com"]
[Source "ChessBase"]
[SourceQuality "1"]
[TimeControl "5400+30"]

1. d4 d5 2. c4 e6 3. Nf3 Nf6 4. g3 Be7 5. Bg2 O-O 6. Nc3 b6 7. cxd5 exd5 8. O-O c5 (8... Bb7 $11) 9. Bg5 {[%emt 0:11:16] E18: Queen's Indian: Old Main Line (4 g3 Bb7 5 Bg2 Be7 6 0-0 0-0 7 Nc3).} Bb7 (9... Nbd7 $14 {deserves consideration.}) 10. dxc5 $16 bxc5 11. Nh4 {[%emt 0:00:44] [#]} (11. Qb3 $16 Qc7 12. Bxf6 Bxf6 13. Nxd5 Bxd5 14. Qxd5) 11... Na6 $146 (11... Bc6 $1 $14) ({Predecessor:} 11... Nbd7 12. Qb3 Bc6 13. Nf5 Rb8 14. Nxe7+ Qxe7 15. Qa3 Qe6 16. Bxf6 gxf6 17. e3 d4 18. Bxc6 Qxc6 19. exd4 cxd4 {0-1 (27) Gaberc,J-Paskulj,K Yugoslavia 1983}) 12. Nf5 Nc7 13. Bf4 {[%emt 0:16:15] 0x0.001e7f237ef4dp-1022s more active pieces. The black rooks are badly placed.} Qd7 14. Nxe7+ Qxe7 15. Qb3 Bc6 16. Bxc7 (16. Rfd1 $5 ) 16... Qxc7 {[%emt 0:00:05] The position is equal.} 17. Nxd5 Bxd5 18. Bxd5 Rab8 19. Qf3 Nxd5 {[%emt 0:05:15] Weighted Error Value: White=0.23 (precise) /Black=0.25 (precise)} 1/2-1/2

[Event "1st Semana Santa Torrevieja 2022"]
[Site "Torrevieja Alicante"]
[Date "2022.04.15"]
[Round "5.12"]
[White "Habans Aguerrea, Javier"]
[Black "Gomez Ledo, Roberto Carlos"]
[Result "1-0"]
[ECO "D10"]
[WhiteElo "2340"]
[BlackElo "2471"]
[Annotator "TA"]
[PlyCount "103"]
[EventDate "2022.04.12"]
[EventType "swiss"]
[EventCountry "ESP"]
[SourceTitle "playchess.com"]
[Source "ChessBase"]
[SourceQuality "1"]
[TimeControl "5400+30"]

1. c4 c6 2. d4 d5 3. cxd5 cxd5 4. Bf4 Nc6 5. e3 Nf6 6. Nc3 Bf5 7. Qb3 Na5 $1 8. Qa4+ {[%emt 0:00:32] D10: Slav Defence: 3 cxd5 (without early Nf3) and 3 Nc3.} Bd7 9. Qc2 {[%emt 0:00:27] next Nb5 is good for White.} Rc8 10. Bd3 {[%emt 0:00:30] The position is equal.} e6 11. Nf3 Be7 {[%emt 0:00:00] 11...Bb4 deserves study.} 12. h3 b5 13. a3 Nc4 14. O-O a5 15. Qe2 O-O 16. Ne5 Be8 {[%emt 0:00:00] [#]} (16... a4 $11 {remains equal.}) 17. a4 $1 $16 {[%emt 0:05:42] &Bianco is more active.} b4 18. Nb5 (18. Nxc4 $2 dxc4 19. Bxc4 bxc3 20. bxc3 Nd5 $19) 18... Bxb5 19. axb5 {[%emt 0:01:20] Black must now prevent Nc6.} Nxe5 20. Bxe5 {[%emt 0:00:29] This bishop pair is nice.} Qb6 21. Rfc1 {[%emt 0:04:53] [#]} Nd7 $146 ({Predecessor:} 21... Ne4 22. Qd1 Bd6 23. Bxd6 Nxd6 24. Qa4 Rxc1+ 25. Rxc1 Ra8 26. Rc6 Qd8 27. b6 g6 {½-½ (79) Rasmussen,A (2502)-Petrosyan,T (2421) Sowme'eh Sara 2015}) 22. Bg3 (22. Qh5 $6 g6 23. Qe2 Nxe5 24. dxe5 Rxc1+ 25. Rxc1 Qb8 $15) 22... Bd6 23. Bxd6 Qxd6 24. Qd1 Nb6 (24... Qb6 $16) 25. Rxa5 $18 Nc4 26. Ra6 Nb6 27. Qd2 g6 28. Rc2 b3 29. Rc3 Rc7 30. Rxc7 Qxc7 31. Qc3 ({White should try} 31. Qb4 $18) 31... Qxc3 $16 32. bxc3 Nc4 (32... Rb8 $16) 33. Bxc4 $18 dxc4 {[%emt 0:00:26][%mdl 4096] Endgame [#] KR-KR} 34. Ra4 $1 Rb8 35. Rb4 Kf8 36. Kf1 Ke7 37. Ke2 Kd7 38. b6 f5 39. Kd2 (39. b7 $6 Ke7 40. Kd2 Kd6 $18) 39... Kd6 40. Kc1 ({Don't play} 40. b7 g5 41. Kd1 h6 $18) 40... Kd5 41. f3 e5 $2 (41... h5 {is a better defense.} 42. b7 e5) 42. Kb2 f4 (42... exd4 $2 43. cxd4 (43. exd4 Rb7 $18) 43... f4 44. Rb5+ (44. exf4 Kxd4 45. b7 Kd3 $16) 44... Kc6 45. Rc5+ Kd7 46. e4 $18 (46. exf4 Rxb6 47. Rxc4 Kd6 $16) (46. Rxc4 fxe3 47. Rc3 e2 $16)) (42... e4 $142 43. Rb5+ Ke6 44. fxe4 fxe4) 43. e4+ {[%emt 0:00:38] White is clearly winning.} Kd6 44. Rb5 exd4 45. cxd4 {[%emt 0:00:08] Strongly threatening Kc3.} Kc6 46. Rc5+ Kxb6 (46... Kd7 $142 47. Rc7+ Kd8) 47. Rxc4 {[%emt 0:00:10] Threatens to win with Rb4+.} Ra8 48. Kxb3 Ra1 49. Rc2 Rd1 50. d5 Kb5 51. Kc3 Kc5 52. Rd2 {[%emt 0:00:07] Weighted Error Value: White=0.09 (flawless) /Black=0.27 (precise)} 1-0

[Event "1st Semana Santa Torrevieja 2022"]
[Site "Torrevieja Alicante"]
[Date "2022.04.15"]
[Round "5.13"]
[White "Camacho Collados, Marcos"]
[Black "Goluch, Piotr"]
[Result "0-1"]
[ECO "A06"]
[WhiteElo "2462"]
[BlackElo "2314"]
[Annotator "TA"]
[PlyCount "70"]
[EventDate "2022.04.12"]
[EventType "swiss"]
[EventCountry "ESP"]
[SourceTitle "playchess.com"]
[Source "ChessBase"]
[SourceQuality "1"]
[TimeControl "5400+30"]

1. Nf3 Nf6 2. b3 d5 3. Bb2 Bg4 4. e3 e6 5. h3 Bh5 6. g4 {[%emt 0:04:33] A06: Réti Opening: 1 Nf3 d5.} Bg6 7. Nh4 {[%emt 0:00:39] [#]} Be4 $146 ({Predecessor:} 7... c5 8. d3 Nc6 9. Nd2 Be7 10. Bg2 Qc7 11. a3 Rd8 12. Qe2 d4 13. O-O O-O 14. Bxc6 Qxc6 {1-0 (77) Nakamura,H (2736)-Sjugirov,S (2675) Chess.com INT 2020}) 8. Ng2 {[%emt 0:02:02] The position is equal.} h6 9. d3 Bh7 ({Much less strong is} 9... Bb4+ 10. c3 Bxg2 11. Bxg2 $14) 10. h4 Nfd7 11. f4 c5 12. Nd2 Nc6 13. e4 d4 14. c3 {[%emt 0:13:54] [#]} (14. Qf3 $11 {remains equal.}) 14... g5 $1 $17 {[%emt 0:00:33] &Nero is more active.} 15. cxd4 cxd4 16. hxg5 hxg5 17. f5 Bb4 (17... Qf6 $17) 18. Kf2 (18. Rc1 $11) 18... Nde5 {[%emt 0:00:58] Threatens to win with ...Qf6.} 19. Nc4 Nxc4 20. bxc4 Qf6 21. Bc1 O-O-O 22. Rh5 Rdg8 23. Be2 ({Better is} 23. Qe2 $15) 23... Ne5 ({Black should try} 23... Bd6 $17 24. Rb1 Qe7) 24. Qa4 $2 {[%emt 0:03:02] [#] This costs White the game.} (24. Qh1 $1 $14 {was forced to keep a grip.} Be7 25. Rxh7) 24... exf5 $1 $19 25. Qxb4 fxe4+ 26. Kg1 exd3 27. Qc5+ Kb8 28. Ba3 {[%emt 0:00:26] [#] aiming for Qd6+.} Nf3+ $1 ({Inferior is} 28... dxe2 29. Qd6+ Qxd6 30. Bxd6+ Kc8 31. Bxe5 $14) 29. Bxf3 Qxf3 30. Rf1 Qxg4 {[%emt 0:00:29] Chess con chili.} 31. Rxh7 (31. Qd6+ Ka8 32. Qh2) 31... Rxh7 32. Bb2 Rgh8 ({Weaker is} 32... Qg3 33. Bxd4 Qh2+ 34. Kf2 $11) 33. Qe5+ Ka8 {[%emt 0:00:04][%cal Of7f6] ( -> ...f6!)} 34. Bxd4 d2 (34... f6 $142 35. Qe3 Rh2 36. Qe8+ Rxe8 37. Kxh2 Rh8+ 38. Kg1 Qxd4+ 39. Ne3 Qxe3+ 40. Kg2 Rh3 41. Rxf6 Rg3+ 42. Kh2 Qg1#) 35. Kf2 Rh2 {[%emt 0:33:47] Weighted Error Value: White=0.65/Black=0.27 (precise)} 0-1